 Dungeon Crawl Stone Soup version 0.27-a0-1322-gfdffb62a71 (webtiles) character file.

Game seed: 4809647314556650166

417 DemonSlayer the Slasher (level 7, -4/54 HPs)
             Began as a Human Berserker on June 23, 2021.
             Was a Priest of Trog.
             Slain by an iguana (10 damage)
             ... on level 4 of the Dungeon.
             The game lasted 00:13:12 (8554 turns).

DemonSlayer the Slasher (Human Berserker)           Turns: 8554, Time: 00:13:13

Health: -4/54      AC:  6    Str: 15 (17) XL:     7   Next: 15%
Magic:  7/7        EV:  7    Int:  5 (7)  God:    Trog [***...]
Gold:   126        SH:  9    Dex: 13 (15) Spells: 6/6 levels left

rFire    . . .     SeeInvis .   a - +1 falchion
rCold    . . .     Faith    .   e - +1 kite shield
rNeg     . . .     Spirit   .   h - +0 scale mail
rPois    .         Reflect  .   (no helmet)
rElec    .         Harm     .   (no cloak)
rCorr    .         Rampage  .   (no gloves)
Will     .....                  (no boots)
Stlth    ..........             (no amulet)
HPRegen  0.18/turn              (no ring)
MPRegen  0.10/turn              (no ring)

@: very slightly contaminated, invisible
A: no striking features
a: Renounce Religion, Berserk, Trog's Hand


You were on level 4 of the Dungeon.
You worshipped Trog.
Trog was most pleased with you.
You visited 1 branch of the dungeon, and saw 4 of its levels.

You collected 126 gold pieces.

Inventory:

Hand Weapons
 a - a +1 falchion (weapon)
Missiles
 c - 60 arrows
 d - 17 bolts
Armour
 e - a +1 kite shield (worn)
 g - a +0 leather armour
 h - a +0 scale mail (worn)
Jewellery
 l - an amulet of the acrobat
Scrolls
 f - 2 scrolls of amnesia
 j - a scroll of silence
Potions
 b - a potion of flight {unknown}
 i - a potion of degeneration


   Skills:
 + Level 4.2 Fighting
 + Level 4.7 Long Blades
 + Level 3.4 Armour
 + Level 3.3 Dodging
 + Level 1.0 Stealth
 + Level 2.1 Shields


You had 6 spell levels left.
You didn't know any spells.
Your spell library contained the following spells:

 Spells                   Type           Power      Damage    Failure   Level
 Confusing Touch          Hex            0%         N/A       100%        3
 Gell's Gravitas          Tloc           0%         N/A       100%        3
 Petrify                  Tmut/Erth      0%         N/A       100%        4
 Metabolic Englaciation   Hex/Ice        0%         N/A       100%        5
 Yara's Violent Unravell  Hex/Tmut       0%         3d3       100%        5


Dungeon Overview and Level Annotations

Branches:
Dungeon (4/15)
 Temple: D:4-7

Altars:
Gozag
Kikubaaqudgha
Nemelex Xobeh


Message History

There is an open door here.
You see here a +0 whip.
Things that are here:
a +1 dagger of draining; a +0 robe An iguana comes into view.
The iguana hisses angrily.
An iguana is nearby!
An iguana and an ogre come into view.
The ogre shouts!
The iguana barely misses you.
You riposte.
You closely miss the iguana.
The iguana moves out of view.
It was a potion of degeneration.
There was something very wrong with that liquid.
You feel weakened.
You feel dopey.
You feel clumsy. The iguana bites you!
There is a stone staircase leading up here.
The ogre hits you with a +0 giant spiked club!!
You climb upwards.
There is a stone staircase leading down here.
You are too injured to fight recklessly!
It was a potion of invisibility.
You fade into invisibility!
You are very lightly contaminated with residual magic.
The ogre shouts!
You block the iguana's attack.
You climb downwards.
The iguana bites you but does no damage.
The iguana bites you!
* * * LOW HITPOINT WARNING * * *
There is a stone staircase leading up, spattered with blood here.
You hit the iguana but do no damage. You block the iguana's attack.
You barely miss the iguana. You block the iguana's attack.
The iguana bites you!
* * * LOW HITPOINT WARNING * * *
You hit the iguana but do no damage. You block the iguana's attack.
The iguana bites you but does no damage.
You hit the iguana but do no damage. You block the iguana's attack.
The iguana bites you but does no damage.
You hit the iguana but do no damage. The iguana bites you!
You die...

.......# ##....##
###........# ......## #....#
###.....###... ......#
##...####.....### ##..
......# ##..##.....### ###
##...## #........## # ..####
#......### #
.....#########.....## #
###.........##......## ##
###...........@....## #.
##..........ll....### ##.
#..................## #..
#...................## ##..
#....................####...
#..........<......#....#....
##................##........
###................##.......
##...##......................


You could see 2 iguanas.

Vanquished Creatures
  An ogre (D:4)
  A hound (D:4)
  Terence (D:3)
  2 orc wizards (D:4)
  Natasha (twice) (D:2)
  Robin (D:3)
  A howler monkey skeleton (D:4)
  6 adders
  A white imp (D:3)
  2 adder skeletons (D:4)
  A worm (D:4)
  A dart slug (D:2)
  5 orcs (D:4)
  4 ball pythons
  3 bats
  6 endoplasms
  2 giant cockroaches (D:2)
  5 hobgoblins
  14 jackals
  3 kobolds
  3 quokkas
  2 frilled lizards
  14 goblins
  6 rats
87 creatures vanquished.

Vanquished Creatures (others)
  A human (D:3)
1 creature vanquished.

Grand Total: 88 creatures vanquished

Notes
Turn   | Place    | Note
-------+----------+-------------------------------------------
     0 | D:1      | DemonSlayer the Human Berserker began the quest for the
                  | Orb.
     0 | D:1      | Reached XP level 1. HP: 18/18 MP: 1/1
   260 | D:1      | Found a faded altar of an unknown god.
   517 | D:1      | Reached XP level 2. HP: 23/24 MP: 2/2
  1054 | D:1      | You fall into a shaft and drop 1 floor!
  1061 | D:2      | Reached XP level 3. HP: 13/29 MP: 3/3
  2397 | D:2      | Reached XP level 4. HP: 30/35 MP: 4/4
  2854 | D:2      | Reached skill level 1 in Shields
  3225 | D:2      | Reached ** piety under Trog
  3708 | D:2      | Noticed Natasha
  3712 | D:2      | Killed Natasha
  3713 | D:2      | Reached XP level 5. HP: 42/42 MP: 5/5
  4029 | D:2      | Noticed Natasha
  4037 | D:2      | Killed Natasha
  4331 | D:3      | Noticed Robin
  4342 | D:3      | Killed Robin
  4646 | D:3      | Found an opulent altar of Gozag.
  5007 | D:3      | Noticed Terence
  5019 | D:3      | Killed Terence
  5410 | D:3      | Found an ancient bone altar of Kikubaaqudgha.
  5413 | D:3      | Noticed a human
  5414 | D:3      | Killed a human
  5444 | D:3      | Reached XP level 6. HP: 48/48 MP: 6/6
  6912 | D:4      | Noticed an ogre
  6946 | D:4      | Killed an ogre
  6947 | D:4      | Reached skill level 1 in Stealth
  7665 | D:4      | Reached XP level 7. HP: 54/54 MP: 7/7
  8033 | D:4      | Reached *** piety under Trog
  8416 | D:4      | Found a sparkling altar of Nemelex Xobeh.
  8554 | D:4      | Slain by an iguana

Illustrated notes

Levels and vault maps discovered:
D:1:      co_arrival_square_in_a_square_in_a_square, layout_basic,
          hellmonk_ecumenical_altar_crossroads
D:2:      layout_basic, minmay_tromino_v4_b, uniq_natasha
D:3:      layout_basic, tgw_kikubaaqudgha, lemuel_round_altar, uniq_terence,
          uniq_robin
D:4:      layout_layer_cave, nemelex_spade_bored_becter

Skill      XL: |  1  2  3  4  5  6 |
---------------+-------------------+-----
Shields        | 1 2 |  2.1
Long Blades    | 4 |  4.7
Dodging        | 3 |  3.3
Fighting       | 4 |  4.2
Armour         | 3 |  3.4
Stealth        | 1 |  1.0

Action                   |  1- 3 |  4- 6 |  7- 9 || total
-------------------------+-------+-------+-------++-------
Melee: Falchion          |    64 |   147 |    28 ||   239
Invok: Berserk           |     3 |    10 |     1 ||    14
  Use: Scroll            |     1 |     9 |       ||    10
       Potion            |       |       |     2 ||     2
Armor: Animal skin       |    22 |       |       ||    22
       Leather armour    |     4 |    16 |       ||    20
       Scale mail        |       |    28 |    13 ||    41
Dodge: Dodged            |    50 |    51 |    20 ||   121
Block: Kite shield       |    41 |    77 |    22 ||   140
       Rpst.: Falchion   |    18 |    14 |     7 ||    39

Table legend: (Time is in decaauts)
 A = Elapsed time spent in this place.
 B = Non-inter-level travel time spent in this place.
 C = Inter-level travel time spent in this place.
 D = Time resting spent in this place.
 E = Time spent auto-exploring this place.
 F = Levels seen in this place.
 G = Mean time per level.
                   A        B        C        D        E       F      G
               +--------+--------+--------+--------+--------+-----+--------+
         Total |   8767 |   8557 |    210 |   4899 |   2602 |   4 | 2191.8 |
       Dungeon |   8767 |   8557 |    210 |   4899 |   2602 |   4 | 2191.8 |
               +--------+--------+--------+--------+--------+-----+--------+

Top non-repeatable levels by time:
     D:2: 3099 daAuts
     D:4: 2693 daAuts
     D:3: 1896 daAuts
     D:1: 1078 daAuts
